AoeStats
← Sr. Matanza

Arena

510015510Analyzed
1v1 RM · 3d ago on Sep 29, 2026· 39m 30s· 2 players
Game mode
Random Map
Map size
Tiny (2 player)
Population
200
Speed
Normal
Resources
Standard
Victory
Conquest
Starting age
Dark Age
Ending age
Imperial Age
RankedLock teamsTeams togetherTeam positionsShared explorationLock speedFull tech treeHidden civsTurbo modeCheats
Victory
Defeat
🇦🇷 Inca · Argentina
708
+15
🇮🇳 Britons · India
685
-15
Kaushil
11:09 Feudal Age
15:43 Castle Age
14:02 Double-Bit Axe
14:45 Horse Collar
19:52 Bow Saw
22:44 Ballistics
28:21 Murder Holes
32:58 Imperial Age
31:15 Treadmill Crane
33:52 Padded Archer Armor
35:14 Elite Skirmisher
36:11 Leather Archer Armor
35:48 Fletching
Sr. Matanza
9:57 Feudal Age
14:44 Forging
17:05 Castle Age
14:56 Double-Bit Axe
15:53 Stone Mining
16:16 Scale Mail Armor
16:08 Champi Runner
18:52 Chain Mail Armor
19:12 Iron Casting
18:29 Loom
29:54 Imperial Age
29:46 Iron Casting
29:07 Champi Warrior
29:50 Squires
32:16 Blast Furnace
31:08 Fletching
32:21 Blast Furnace
31:51 Plate Mail Armor
32:43 Bodkin Arrow
32:50 Elite Champi Warrior
34:07 Murder Holes
34:18 Bracer
34:48 Plate Mail Armor
35:58 Conscription
39:48 Plate Mail Armor
39:19 Padded Archer Armor
Connection lost

Rejoining the realm…

Still unreachable

The connection could not be restored.

Session expired

The server has moved on; the page needs a fresh start.